 Dungeon Crawl Stone Soup version 0.28-a0-1415-g7c84da036a (webtiles) character file.

Game seed: 14620385599007216359

463 bande the Covered (level 7, -3/44 HPs)
             Began as a Gargoyle Fighter on Jan 8, 2022.
             Was an Initiate of Okawaru.
             Slain by an ice beast (12 damage)
             ... in the Ecumenical Temple.
             The game lasted 00:07:39 (5266 turns).

bande the Covered (Gargoyle Fighter)                Turns: 5266, Time: 00:07:40

Health: -3/44      AC: 14    Str: 19    XL:     7   Next: 7%
Magic:  7/7        EV:  7    Int:  9    God:    Okawaru [......]
Gold:   218        SH:  5    Dex: 11    Spells: 6/6 levels left

rFire   . . .      SeeInvis .   a - +0 war axe
rCold   . . .      Faith    .   c - +0 buckler
rNeg    + . .      Spirit   .   f - +0 chain mail
rPois   ∞          Reflect  .   (no helmet)
rElec   +          Harm     .   (no cloak)
rCorr   .          Rampage  .   (no gloves)
Will    .....                   (no boots)
Stlth   ..........              (no amulet)
HPRegen 0.14/turn               (no ring)
MPRegen 0.10/turn               (no ring)

@: no status effects
A: sickness immunity, AC +4, negative energy resistance 1, electricity
resistance, torment resistance 1, petrification resistance
a: Renounce Religion


You were in the Ecumenical Temple.
You worshipped Okawaru.
Okawaru was noncommittal.
You visited 2 branches of the dungeon, and saw 6 of its levels.

You collected 218 gold pieces.

Inventory:

Hand Weapons
 a - a +0 war axe (weapon)
Armour
 c - a +0 buckler (worn)
 f - a +0 chain mail (worn)
Scrolls
 b - a scroll of identify
Potions
 d - a potion of brilliance
 e - a potion of flight


   Skills:
 + Level 4.6 Fighting
 + Level 4.7 Axes
 + Level 4.9 Armour
 + Level 4.4 Shields


You had 6 spell levels left.
You didn't know any spells.
Your spell library was empty.

Dungeon Overview and Level Annotations

Branches:
Dungeon (7/15)             Temple (1/1) D:7

Altars:
Ashenzari
Cheibriados
Dithmenos
Elyvilon
Fedhas
Hepliaklqana
Kikubaaqudgha
Makhleb
Nemelex Xobeh
Okawaru
Qazlal
Ru
Sif Muna
Trog
Uskayaw
Vehumet
Wu Jian
Xom
Yredelemnul
Zin
The Shining One


Innate Abilities, Weirdness & Mutations

You are immune to sickness and miasma.
Your stone body is resilient. (AC +4)
You are immune to poison.
You resist negative energy. (rN+)
You are resistant to electric shocks. (rElec)
You are resistant to unholy torment.
You are immune to petrification.


Message History

Found a shimmering blue altar of Sif Muna.
There is an ornate altar of the Wu Jian Council here.
There is an iron altar of Okawaru here.
You kneel at the altar of Okawaru.
Okawaru welcomes you!
There is an ornate altar of the Wu Jian Council here.
There is a bloodstained altar of Trog here.
There is a radiant altar of Vehumet here.
There is an open door here.
There is an open door here.
There is a staircase back to the Dungeon here.
You climb upwards.
Welcome back to the Dungeon!
There is a staircase to the Ecumenical Temple here.
The ice beast closely misses you. The gnoll closely misses you.
You climb downwards.
Welcome back to the Ecumenical Temple!
There is a staircase back to the Dungeon here.
You closely miss the ice beast.
The ice beast hits you but does no damage.
You closely miss the ice beast. You block the ice beast's attack. x2
You closely miss the ice beast. The ice beast hits you.
The ice beast freezes you.
You closely miss the ice beast. The ice beast hits you.
The ice beast freezes you!
You closely miss the ice beast. You block the ice beast's attack. x2
You hit the ice beast.
The ice beast is moderately wounded.
The ice beast hits you but does no damage.
You closely miss the ice beast.
The ice beast is moderately wounded.
The ice beast hits you but does no damage.
You barely miss the ice beast.
The ice beast is moderately wounded.
The ice beast hits you. The ice beast freezes you!
* * * LOW HITPOINT WARNING * * *
You hit the ice beast but do no damage.
The ice beast is moderately wounded.
The ice beast hits you.
* * * LOW HITPOINT WARNING * * *
The ice beast freezes you!
You die...

♣♣♣♣♣ ♣ ♣♣♣...♣♣♣ ♣♣
♣♣.......♣♣ ♣♣.
♣♣.........♣♣ ♣♣..
♣...........♣ ♣♣...
♣♣...........♣♣ ♣♣....
♣.............♣ ♣♣.....
♣......@......♣ ♣♣......
♣......Y......♣♣♣.......
♣♣...........♣♣♣........
♣...........♣♣.........
♣♣.........♣♣..........
♣♣.......♣............
♣♣♣...♣♣♣............
♣♣♣♣♣♣.............
♣♣..............


You could see an ice beast.

Vanquished Creatures
  Grinder (D:4)
  2 scorpions
  An orc priest (D:3)
  Natasha (D:4)
  4 adders
  2 dart slugs
  3 orcs
  8 ball pythons
  5 bats
  6 endoplasms
  2 giant cockroaches (D:1)
  2 goblins
  12 hobgoblins
  4 kobolds
  A quokka (D:1)
  2 frilled lizards
  5 rats
61 creatures vanquished.

Notes
Turn   | Place    | Note
-------+----------+-------------------------------------------
     0 | D:1      | bande the Gargoyle Fighter began the quest for the Orb.
     0 | D:1      | Reached XP level 1. HP: 14/14 MP: 1/1
   250 | D:1      | Found a faded altar of an unknown god.
   407 | D:1      | Reached XP level 2. HP: 19/19 MP: 2/2
  1003 | D:2      | Reached XP level 3. HP: 19/23 MP: 3/3
  3130 | D:4      | Noticed Natasha
  3145 | D:3      | Reached XP level 4. HP: 24/29 MP: 4/4
  3293 | D:4      | Killed Natasha
  3480 | D:4      | Noticed a scorpion
  3481 | D:4      | Noticed a scorpion
  3485 | D:4      | Killed a scorpion
  3486 | D:4      | Reached XP level 5. HP: 25/33 MP: 5/5
  3507 | D:3      | Reached XP level 6. HP: 18/38 MP: 6/6
  4413 | D:4      | Noticed Grinder
  4420 | D:4      | Paralysed by Grinder for 3 turns
  4424 | D:4      | Paralysed by Grinder for 2 turns
  4438 | D:4      | Paralysed by Grinder for 4 turns
  4453 | D:4      | Paralysed by Grinder for 4 turns
  4458 | D:4      | Paralysed by Grinder for 4 turns
  4465 | D:4      | Paralysed by Grinder for 5 turns
  4471 | D:4      | Killed Grinder
  4472 | D:4      | Reached XP level 7. HP: 19/44 MP: 7/7
  4885 | D:4      | You fall into a shaft and drop 3 floors!
  4927 | D:7      | Found a staircase to the Ecumenical Temple.
  4931 | Temple   | Entered the Ecumenical Temple
  5186 | Temple   | Became a worshipper of Warmaster Okawaru
  5266 | Temple   | Slain by an ice beast

Illustrated notes

Levels and vault maps discovered:
D:1:      dpeg_arrival_circle_labyrinth_c, layout_basic, serial_glass,
          glass_columns_a, glass_columns_a,
          dreamdust_ecumenical_altar_angels_and_demons
D:2:      layout_basic, wander_ebering_terrifying_dragon_lair
D:3:      layout_loops_ring
D:4:      layout_loops_cross, uniq_natasha, uniq_pikel, uniq_grinder
D:7:      minmay_octagon_keep, layout_basic, temple_hall_moat,
          minmay_misc_feat_chi, minmay_shop_damaged
Temple:   mainiacjoe_temple_starburst

Skill      XL: |  1  2  3  4  5  6 |
---------------+-------------------+-----
Axes           | 2 3 4 |  4.7
Armour         | 4 |  4.9
Shields        | 4 |  4.4
Fighting       | 4 |  4.6

Action                   |  1- 3 |  4- 6 |  7- 9 || total
-------------------------+-------+-------+-------++-------
Melee: War axe           |   134 |    84 |    10 ||   228
  Use: Scroll            |     7 |     2 |     1 ||    10
       Potion            |       |     3 |       ||     3
Armor: Scale mail        |     3 |       |       ||     3
       Chain mail        |    94 |    57 |     9 ||   160
Dodge: Dodged            |    45 |    29 |     6 ||    80
Block: Buckler           |    31 |    17 |     4 ||    52

Table legend: (Time is in decaauts)
 A = Elapsed time spent in this place.
 B = Non-inter-level travel time spent in this place.
 C = Inter-level travel time spent in this place.
 D = Time resting spent in this place.
 E = Time spent auto-exploring this place.
 F = Levels seen in this place.
 G = Mean time per level.
                   A        B        C        D        E       F      G
               +--------+--------+--------+--------+--------+-----+--------+
         Total |   5376 |   5243 |    133 |   1774 |   2729 |   6 |  896.0 |
       Dungeon |   5041 |   4963 |     78 |   1774 |   2488 |   5 | 1008.2 |
        Temple |    335 |    280 |     55 |      0 |    241 |   1 |  335.0 |
               +--------+--------+--------+--------+--------+-----+--------+

Top non-repeatable levels by time:
     D:3: 1794 daAuts
     D:2: 1415 daAuts
     D:1: 986 daAuts
     D:4: 797 daAuts
  Temple: 335 daAuts
     D:7: 48 daAuts
